 Dungeon Crawl Stone Soup version 0.29-a0-298-g3c90f9a769 (webtiles) character file.

Game seed: 14117971214458637033

4462 kae the Arsonist (level 10, -5/61 HPs)
             Began as a Tengu Fire Elementalist on Mar 22, 2022.
             Was a Priest of Vehumet.
             Slain by a vampire (8 damage)
             ... on level 9 of the Dungeon.
             The game lasted 00:10:41 (12620 turns).

kae the Arsonist (Tengu Fire Elementalist)         Turns: 12620, Time: 00:10:42

Health: -5/61      AC:  3    Str:  8    XL:     10   Next: 37%
Magic:  17/20      EV: 14    Int: 20    God:    Vehumet [***...]
Gold:   797        SH:  0    Dex: 15    Spells: 4/21 levels left

rFire   . . .      SeeInvis .   t - +2 hand axe (flame)
rCold   . . .      Faith    .   (no shield)
rNeg    + . .      Spirit   .   a - +1 robe
rPois   .          Reflect  .   (helmet restricted)
rElec   .          Harm     .   (no cloak)
rCorr   .          Rampage  .   (no gloves)
Will    .....                   (boots unavailable)
Stlth   ++........              (no amulet)
HPRegen 0.20/turn               p - ring of positive energy
MPRegen 0.17/turn               (no ring)

@: flying quickly and evasively, quick
A: beak, talons 3, nimble flight
a: Renounce Religion


You were on level 9 of the Dungeon.
You worshipped Vehumet.
Vehumet was most pleased with you.
You visited 1 branch of the dungeon, and saw 9 of its levels.
You also visited: Bailey.

You collected 867 gold pieces.
You spent 70 gold pieces at shops.

Inventory:

Hand Weapons
 t - a +2 hand axe of flaming (weapon)
Missiles
 o - a throwing net
Armour
 a - a +1 robe (worn)
Jewellery
 c - an amulet of faith
 p - a ring of positive energy (left hand)
Wands
 h - a wand of flame (21)
 k - a wand of acid (10)
 r - a wand of polymorph (7)
Scrolls
 e - a scroll of blinking
 n - 2 scrolls of enchant weapon
 x - 2 scrolls of teleportation
Potions
 b - 2 potions of magic
 d - a potion of lignification
 f - a potion of heal wounds
 g - 2 potions of might
 i - 2 potions of curing {unknown}
 j - a potion of resistance {unknown}
 l - 2 potions of ambrosia {unknown}
 m - 3 potions of haste {unknown}
 q - 2 potions of mutation {unknown}
 s - a potion of attraction {unknown}
 v - 2 potions of cancellation {unknown}


   Skills:
 + Level 6.5 Fighting
 - Level 2.1 Dodging
 - Level 2.0 Stealth
 + Level 6.3 Spellcasting
 + Level 8.7 Conjurations
 * Level 10.8 Fire Magic


You had 4 spell levels left.
You knew the following spells:

 Your Spells              Type           Power      Damage    Failure   Level
a - Foxfire               Conj/Fire      100%       2x1d9     1%          1
b - Scorch                Fire           98%        2d10      1%          2
c - Conjure Flame         Conj/Fire      45%        6-21      1%          3
d - Inner Flame           Hex/Fire       28%        N/A       1%          3
e - Flame Wave            Conj/Fire      45%        2d10      1%          4
f - Sticky Flame          Conj/Fire      45%        2d6       1%          4

Your spell library contained the following spells:

 Spells                   Type           Power      Damage    Failure   Level
 Frozen Ramparts          Ice            12%        1d3       9%          3
 Static Discharge         Conj/Air       23%        N/A       1%          2
 Dazzling Flash           Conj/Hex       46%        N/A       1%          3
 Poisonous Vapours        Pois/Air       12%        N/A       4%          2
 Sting                    Tmut/Pois      24%        1d4       10%         1
 Olgreb's Toxic Radiance  Pois           6%         N/A       24%         4
 Dispel Undead            Necr           6%         3d8       69%         4
 Fireball                 Conj/Fire      22%        3d10      1%          5
 Iskenderun's Battlesphe  Conj           41%        2d9       2%          5
 Orb of Destruction       Conj           20%        9d8       50%         7
 Conjure Ball Lightning   Conj/Air       11%        3x3d6     52%         6
 Agony                    Necr           6%         N/A       95%         5
 Silence                  Hex/Air        3%         N/A       95%         5


Dungeon Overview and Level Annotations

Branches:
Dungeon (9/15)             Temple (0/1) D:7            Lair (0/6) D:9
 Bailey (visited)
    Orc: D:9-12

Altars:
Trog
Uskayaw
Vehumet

Shops:
D:1 [   D:2 =   D:4 :   D:6 !   D:8 (

Annotations:
D:3 1 runed translucent door, qborf's ghost, novice DjGl
D:4 exclusion: door
D:8 exclusions: centaur warrior, 2 doors and vampire mosquito


Innate Abilities, Weirdness & Mutations

You have a beak for a mouth.
You have claws for feet.
Your magical nature lets you fly swiftly and evasively.


Message History

The vampire hits you but does no damage.
The vampire closely misses you.
The howler monkey howls!
You hear a howl!
The howler monkey hoots and howls with incredible vigour!
The vampire casts a spell at you.
You are confused.
You hear a shout!
You're too confused to cast spells.
A howler monkey comes into view.
The howler monkey howls!
The vampire gestures wildly while chanting.
The vampire flickers and vanishes!
Deactivating autopickup; reactivate with Ctrl-A.
You completely miss something. You closely miss the howler monkey.
Something draws life force from you!
The howler monkey hits you but does no damage.
You bump into the rock wall.
The howler monkey barely misses you. Something draws life force from you.
You miss something. Your kick misses something. Your peck misses something.
You hit the howler monkey but do no damage.
You closely miss the howler monkey. The howler monkey misses you.
Something hits you. Something bites you but does no damage.
The howler monkey barely misses you. The howler monkey hits you.
Something hits you! Something bites you.
You barely miss the howler monkey. You hit something but do no damage.
You hit the howler monkey. You burn the howler monkey.
You feel less confused.
The howler monkey hits you but does no damage.
The howler monkey hoots and howls with incredible vigour!
Something hits you but does no damage. Something bites you.
* * * LOW HITPOINT WARNING * * *
Something draws strength from your injuries!
The howler monkey barely misses you. x2; The howler monkey closely misses you.
You hear a shout! x3
The howler monkey attacks as you move away!
The howler monkey hits you but does no damage.
Something hits you!
* * * LOW HITPOINT WARNING * * *
Something bites you!
You die...

### #.. #.# #.#
######.### ##..
.....
#.##..h###.####.#
#(...>h.@..<....#
#.....h{.########
.........#
.........#
..[#...### ..
#... # ####


You could see 3 howler monkeys.

Vanquished Creatures
  An orc knight (Bailey)
  3 yaks (D:6)
  A steam dragon (D:8)
  2 water moccasins (D:8)
  2 black bears
  7 orc warriors
  3 ogres
  3 centaurs
  3 kobold brigands
  4 bullfrogs
  A gnoll sergeant (D:8)
  8 wights
  4 hounds
  4 jellies
  2 gnoll shamans
  2 orc priests (D:6)
  10 iguanas
  3 orc wizards
  19 gnolls
  8 adders
  An ufetubus (D:7)
  3 worms
  2 dart slugs
  29 orcs
  4 ball pythons
  2 bats
  8 endoplasms
  A giant cockroach (D:3)
  16 goblins
  21 hobgoblins
  12 kobolds
  4 quokkas
  4 frilled lizards
  3 rats
200 creatures vanquished.

Vanquished Creatures (others)
  630 foxfires
  2 withered plants (D:3)
632 creatures vanquished.

Grand Total: 832 creatures vanquished

Notes
Turn   | Place    | Note
-------+----------+-------------------------------------------
     0 | D:1      | kae the Tengu Fire Elementalist began the quest for the
                  | Orb.
     0 | D:1      | Reached XP level 1. HP: 10/10 MP: 4/4
   138 | D:1      | Reached XP level 2. HP: 16/16 MP: 3/6
   361 | D:1      | Found Iqekaxt's Antique Armour Boutique.
  1108 | D:1      | Reached skill level 1 in Fighting
  1108 | D:1      | Reached XP level 3. HP: 15/20 MP: 3/7
  1464 | D:2      | Reached skill level 4 in Fire Magic
  1560 | D:2      | Reached XP level 4. HP: 21/25 MP: 4/8
  1814 | D:2      | Found Miviv's Jewellery Shop.
  2312 | D:3      | Found a runed translucent door.
  2704 | D:3      | Noticed qborf's ghost (novice DjGl)
  3239 | D:4      | Gained mutation: Your magical nature lets you fly swiftly
                  | and evasively. [Tengu growth]
  3239 | D:4      | Reached XP level 5. HP: 30/30 MP: 6/10
  3323 | D:4      | Reached skill level 5 in Fire Magic
  3365 | D:4      | Found a hide-covered altar of Uskayaw.
  3426 | D:4      | Found Hiunnuoro's Book Shop.
  3479 | D:4      | Learned a level 2 spell: Scorch
  3483 | D:4      | Learned a level 3 spell: Conjure Flame
  3487 | D:4      | Learned a level 3 spell: Inner Flame
  3620 | D:4      | Reached XP level 6. HP: 36/36 MP: 4/11
  3942 | D:4      | Noticed a steam dragon
  4017 | D:5      | Entered Level 5 of the Dungeon
  4413 | D:5      | Reached XP level 7. HP: 40/40 MP: 8/13
  4568 | D:5      | Reached skill level 6 in Fire Magic
  5402 | D:5      | Found a radiant altar of Vehumet.
  5866 | D:5      | Became a worshipper of Vehumet
  6297 | D:6      | Reached skill level 5 in Conjurations
  6301 | D:6      | Reached XP level 8. HP: 40/47 MP: 4/15
  6343 | D:6      | Reached skill level 7 in Fire Magic
  7305 | D:6      | Reached * piety under Vehumet
  7305 | D:6      | Offered knowledge of Freeze by Vehumet.
  7467 | D:6      | Noticed a yak
  7467 | D:6      | Noticed a yak
  7467 | D:6      | Noticed a yak
  7513 | D:6      | Killed a yak
  7514 | D:6      | Reached skill level 8 in Fire Magic
  7719 | D:6      | Killed a yak
  7720 | D:6      | Reached XP level 9. HP: 41/52 MP: 6/17
  7800 | D:6      | Reached skill level 5 in Spellcasting
  7926 | D:6      | Found Avulaacw's Distillery.
  7938 | D:6      | Bought a potion of heal wounds for 70 gold pieces
  8234 | D:7      | Found a flagged portal.
  8240 | D:7      | Reached skill level 5 in Fighting
  8315 | Bailey   | Entered a bailey
  8414 | Bailey   | Learned a level 4 spell: Flame Wave
  8419 | Bailey   | Learned a level 4 spell: Sticky Flame
  8588 | Bailey   | Noticed an orc knight
  8599 | Bailey   | Killed an orc knight
  8600 | Bailey   | Reached skill level 9 in Fire Magic
  8856 | Bailey   | Offered knowledge of Sandblast by Vehumet.
  8874 | Bailey   | Reached ** piety under Vehumet
  9053 | Bailey   | Noticed an orc knight
  9113 | Bailey   | Noticed an orc warlord
  9364 | D:7      | Acquired 428 gold pieces
  9409 | D:7      | Found a staircase to the Ecumenical Temple.
  9830 | D:7      | Reached skill level 10 in Fire Magic
 10280 | D:8      | Reached XP level 10. HP: 48/60 MP: 17/19
 10651 | D:8      | Offered knowledge of Frozen Ramparts by Vehumet.
 11178 | D:8      | Found Xyuzxed's Weapon Shop.
 11259 | D:8      | Reached *** piety under Vehumet
 11722 | D:8      | Noticed a centaur warrior
 11736 | D:8      | Noticed a five-headed hydra
 11891 | D:8      | Noticed a brown ugly thing
 11983 | D:8      | Found a bloodstained altar of Trog.
 12607 | D:9      | Found a staircase to the Lair.
 12620 | D:9      | HP: 3/61 [something (13)]
 12620 | D:9      | Slain by a vampire

Illustrated notes

Levels and vault maps discovered:
D:1:      lightli_arrival_quake, layout_basic, serial_shops, shop,
          minmay_tetromino_l2
D:2:      layout_rooms, serial_shops, shop, kennysheep_path_1
D:3:      layout_loops_cross, gammafunk_ghost_grave, minmay_unequal
D:4:      layout_gridville, eat_drink_and_be_merry_uskayaw, serial_shops,
          nicolae_shop_trees, minmay_quadrilaterals
D:5:      layout_gridville, nicolae_overflow_crystal_walls
D:6:      layout_basic, serial_shops, nicolae_shop_stone
D:7:      layout_loops_ring, minmay_temple_entry_glass, enter_bailey_4
D:8:      layout_cave_pools, trog_butcher_becter, nicolae_take_the_stairs,
          minivault_21, minmay_shattered_shrine
D:9:      layout_loops_ring, lemuel_tele_altar, lair_entry_dummy,
          serial_park_tiny_1

Skill      XL: |  1  2  3  4  5  6  7  8  9 10 |
---------------+-------------------------------+-----
Conjurations   | 2 3 4 5 6 8 |  8.7
Fighting       | 1 2 3 4 5 6 |  6.5
Fire Magic     | 4 5 6 8 10 | 10.8
Spellcasting   | 3 4 5 6 |  6.3
Dodging        | |  2.1
Stealth        | |  2.0

Action                   |  1- 3 |  4- 6 |  7- 9 | 10-12 || total
-------------------------+-------+-------+-------+-------++-------
Melee: Unarmed           |     9 |     1 |       |       ||    10
       Kick              |     2 |     4 |    11 |     3 ||    20
       Peck              |     1 |     2 |     5 |     1 ||     9
       Hand axe          |       |    18 |    38 |     7 ||    63
       Punch             |       |       |     2 |       ||     2
 Cast: Foxfire           |    48 |   123 |   175 |    36 ||   382
       Conjure Flame     |       |     2 |     7 |     3 ||    12
       Scorch            |       |       |    64 |    39 ||   103
       Sticky Flame      |       |       |     7 |     7 ||    14
Evoke: Wand              |       |       |     1 |       ||     1
  Use: Scroll            |       |     8 |    11 |     3 ||    22
       Potion            |       |       |     2 |       ||     2
Armor: Robe              |    11 |    10 |    19 |     9 ||    49
       Skin              |       |       |     2 |       ||     2
Dodge: Dodged            |    26 |    39 |   115 |    43 ||   223

Table legend: (Time is in decaauts)
 A = Elapsed time spent in this place.
 B = Non-inter-level travel time spent in this place.
 C = Inter-level travel time spent in this place.
 D = Time resting spent in this place.
 E = Time spent auto-exploring this place.
 F = Levels seen in this place.
 G = Mean time per level.
                   A        B        C        D        E       F      G
               +--------+--------+--------+--------+--------+-----+--------+
         Total |  12298 |  11953 |    345 |    868 |   9141 |  10 | 1229.8 |
       Dungeon |  11472 |  11127 |    345 |    862 |   8694 |   9 | 1274.7 |
        Bailey |    825 |    825 |      0 |      5 |    446 |   1 |  825.0 |
               +--------+--------+--------+--------+--------+-----+--------+

Top non-repeatable levels by time:
     D:6: 2047 daAuts
     D:8: 1838 daAuts
     D:7: 1780 daAuts
     D:5: 1691 daAuts
     D:1: 1516 daAuts
     D:3: 1013 daAuts
     D:4: 890 daAuts
  Bailey: 825 daAuts
     D:2: 680 daAuts
     D:9: 13 daAuts
